 Dungeon Crawl Stone Soup version 0.24-a0-507-g3e8b242632 (webtiles) character file.

Game seed: 700360347048629256

86 Essalna the Caller (level 4, -10/34 HPs)
             Began as a Mummy Summoner on July 19, 2019.
             Killed by divine providence
             ... invoked by an orc priest
              (12 damage)
             ... on level 3 of the Dungeon.
             The game lasted 00:11:11 (2967 turns).

Essalna the Caller (Mummy Summoner)                 Turns: 2967, Time: 00:11:12

Health: -10/34     AC:  5    Str: 11    XL:     4   Next: 26%
Magic:  7/8        EV: 12    Int: 15    God:
Gold:   124        SH:  0    Dex: 12    Spells: 1/9 levels left

rFire    x . .     SeeInvis .   i - +0 mace (curse)
rCold    + . .     Gourm    .   (no shield)
rNeg     + + +     Faith    .   a - +0 robe
rPois    ∞         Spirit   .   h - +2 helmet
rElec    .         Reflect  .   (no cloak)
rCorr    .         Harm     .   (no gloves)
MR       .....                  (no boots)
Stlth    ++........             (no amulet)
HPRegen  0.11/turn              (no ring)
MPRegen  0.11/turn              (no ring)

@: about to teleport
A: no food or potions, fire vulnerability, cold resistance 1, negative energy
resistance 3, torment resistance, unbreathing
a: no special abilities


You were on level 3 of the Dungeon.
You were not hungry.

You visited 1 branch of the dungeon, and saw 4 of its levels.

You collected 124 gold pieces.

Inventory:

Hand Weapons
 c - a +0 short sword
 i - a cursed +0 mace (weapon)
Armour
 a - a +0 robe (worn)
 h - a +2 helmet (worn)
Wands
 g - a wand of polymorph (5)
Scrolls
 d - 3 scrolls of teleportation
 e - 4 scrolls of remove curse {unknown}
 j - 2 scrolls of identify


   Skills:
 + Level 2.4 Fighting
 - Level 1.5 Dodging
 - Level 1.5 Stealth
 + Level 3.2 Spellcasting
 + Level 4.0 Summonings
 + Level 0.2 Air Magic


You had one spell level left.
You knew the following spells:

 Your Spells              Type           Power        Failure   Level  Hunger
a - Summon Small Mammal   Summ           ##..         3%          1    N/A
b - Call Canine Familiar  Summ           ##......     12%         3    N/A
c - Summon Lightning Spi  Summ/Air       #.......     63%         4    N/A

Your spell library contained the following spells:

 Spells                   Type           Power        Failure   Level  Hunger
 Call Imp                 Summ           ##......     6%          2    N/A
 Summon Guardian Golem    Hex/Summ       #.......     26%         3    N/A
 Summon Ice Beast         Ice/Summ       #.......     65%         4    N/A

Dungeon Overview and Level Annotations

Branches:
Dungeon (4/15)
 Temple: D:4-7

Altars:
Cheibriados
Nemelex Xobeh
Sif Muna
Xom


Innate Abilities, Weirdness & Mutations

You do not eat or drink.
Your flesh is vulnerable to fire.
You are immune to poison.
Your flesh is cold resistant. (rC+)
You are immune to negative energy. (rN+++)
You are immune to unholy pain and torment.
You can survive without breathing.


Message History

Really abort (and waste the scroll)? [Y]es or [N]o only, please.
Really abort (and waste the scroll)? [Y]es or [N]o only, please.
Really abort (and waste the scroll)?
Okay, then.
The hound bites you.
* * * LOW HITPOINT WARNING * * *
The orc priest hits you but does no damage.
As you read the scroll labeled ACIHUL HULEAGI, it crumbles to dust.
It is a scroll of identify.
d - 4 scrolls of teleportation The hound misses you.
The orc priest hits you but does no damage.
The hound barely misses you.
As you read the scroll of teleportation, it crumbles to dust.
You feel strangely unstable. The hound barely misses you.
The orc priest invokes the aid of Beogh against you.
Beogh smites you!
You die...

..###.......# #.# ..# #.......#
#.# .## #.......### #.# .#
#.........# ###.# .## #.......#.#
#...## ..# #########.# #....# #.#
### #.# #...##
#.#######.###.####.#####
............#.##@h.....#
#.##..........##o#.###.### ######
#.##....................[# #..._.
#.............##.#.....#.###.####
####.........###.#..#...........#
####......#..# #.........###.##..
.............# #.........# #.####
..####.......# ##........# #.####
#.# ##...#### #.#..##.## #.....


You could see a hound and an orc priest.

Vanquished Creatures
  2 dart slugs (D:2)
  A leopard gecko (D:1)
  An orc (D:3)
  4 giant cockroaches
  6 goblins
  2 hobgoblins
  A quokka (D:2)
  A ball python (D:3)
  3 bats
  3 frilled lizards
  4 kobolds
  5 rats
33 creatures vanquished.

Vanquished Creatures (collateral kills)
  Robin (D:2)
  An adder (D:2)
  A worm (D:3)
  2 dart slugs (D:3)
  3 leopard geckos (D:3)
  2 ball pythons (D:2)
  3 bats
  4 giant cockroaches
  5 goblins
  7 hobgoblins
  2 jackals (D:2)
  4 kobolds
  A quokka (D:3)
  A rat (D:1)
37 creatures vanquished.

Grand Total: 70 creatures vanquished

Notes
Turn   | Place    | Note
-------+----------+-------------------------------------------
     0 | D:1      | Essalna the Mummy Summoner began the quest for the Orb.
     0 | D:1      | Reached XP level 1. HP: 13/13 MP: 4/4
   876 | D:1      | Reached skill level 1 in Fighting
  1113 | D:1      | Reached XP level 2. HP: 21/21 MP: 2/5
  1718 | D:2      | Noticed Robin
  1751 | D:2      | Killed Robin
  1751 | D:2      | Reached XP level 3. HP: 27/27 MP: 4/7
  1916 | D:2      | Learned a level 3 spell: Call Canine Familiar
  1976 | D:2      | Found a faded altar of an unknown god.
  1995 | D:2      | Found a snail-covered altar of Cheibriados.
  2038 | D:2      | Found a shimmering altar of Xom.
  2307 | D:3      | Reached XP level 4. HP: 28/34 MP: 3/8
  2313 | D:3      | Learned a level 4 spell: Summon Lightning Spire
  2817 | D:3      | Found a sparkling altar of Nemelex Xobeh.
  2855 | D:3      | Reached skill level 4 in Summonings
  2864 | D:3      | Found a deep blue altar of Sif Muna.
  2965 | D:3      | HP: 1/34 [hound (3)]
  2967 | D:3      | Killed from afar by an orc priest

Levels and vault maps discovered:
D:1:      dpeg_arrival_pits, layout_loops_cross
D:2:      layout_basic, old_standard_altar, kennysheep_slug_shrine,
          chequers_ecumenical_altar_simple, first_ration, uniq_robin
D:3:      layout_loops_cross, lemuel_coloured_pillars_altar,
          overflow_temple_1_default, minmay_hedge_maze, chequers_mini_garden
D:4:      layout_cave_pools, uniq_ijyb, uniq_crazy_yiuf_cottage

Skill      XL: |  1  2  3  4 |
---------------+-------------+-----
Fighting       | 1 2 |  2.4
Spellcasting   | 3 |  3.2
Summonings     | 4 |  4.0
Dodging        | |  1.5
Stealth        | |  1.5
Air Magic      | |  0.2

Action                   |  1- 3 |  4- 6 || total
-------------------------+-------+-------++-------
Melee: Unarmed           |    29 |       ||    29
       Short sword       |    91 |       ||    91
       Mace              |       |    39 ||    39
 Cast: Summon Small Mamm |    47 |       ||    47
       Call Canine Famil |     8 |     7 ||    15
  Use: Scroll            |       |     6 ||     6
 Stab: Sleeping          |     4 |       ||     4
Armor: Robe              |    42 |    18 ||    60
Dodge: Dodged            |    98 |    39 ||   137

Table legend:
 A = Non-vault XP
 B = Vault XP
 C = Vault XP percentage of total XP
 D = Non-vault monster count
 E = Vault monster count
 F = Vault count percentage of total count
                 A         B        C        D         E       F
            +---------+---------+-------+---------+---------+-------
      Total |     100 |      23 |  18.7 |      58 |      12 |  17.1
            +---------+---------+-------+---------+---------+-------
        D:1 |      22 |       0 |   0.0 |      15 |       0 |   0.0
        D:2 |      37 |      23 |  38.3 |      18 |      12 |  40.0
        D:3 |      41 |       0 |   0.0 |      25 |       0 |   0.0
            +---------+---------+-------+---------+---------+-------
